 Dungeon Crawl Stone Soup version 0.21-a0-140-g479285b (webtiles) character file.

4340 Baldric the Fighter (level 10, 0/66 HPs)
             Began as a Gargoyle Berserker on July 20, 2017.
             Was a High Priest of Trog.
             Slain by VideoJames's ghost (11 damage)
             ... on level 8 of the Dungeon.
             The game lasted 00:45:29 (8490 turns).

Baldric the Fighter (Gargoyle Berserker)            Turns: 8490, Time: 00:45:29

Health: 0/66       AC: 17    Str: 22    XL:     10   Next: 33%
Magic:  0/10       EV: 13    Int:  8    God:    Trog [*****.]
Gold:   729        SH: 13    Dex: 13    Spells: 9/9 levels left

rFire    + . .     SeeInvis +   a - +0 mace
rCold    . . .     Gourm    .   y - +2 shield
rNeg     + . .     Faith    .   L - +0 leather armour {rF+}
rPois    ∞         Spirit   +   s - +1 helmet
rElec    +         Reflect  .   (no cloak)
rCorr    .         Harm     .   w - +1 pair of gloves
MR       .....                  (no boots)
Stlth    +.........             A - amulet of guardian spirit
HPRegen  0.21/turn              i - ring of see invisible
MPRegen  0.12/turn              (no ring)

@: berserk cooldown, slowed, very slow
A: iridescent scales 1, agile 1, negative energy resistance 1, electricity
resistance, unbreathing, petrification resistance, rot immunity, AC +7
a: Berserk, Trog's Hand, Brothers in Arms, Burn Spellbooks, Renounce Religion


You were on level 8 of the Dungeon.
You worshipped Trog.
Trog was extremely pleased with you.
You were not hungry.

You visited 1 branch of the dungeon, and saw 8 of its levels.
You also visited: Sewer.

You collected 729 gold pieces.

Inventory:

Hand Weapons
 a - a +0 mace (weapon)
Armour
 l - a +0 ring mail
 s - a +1 helmet (worn)
 v - +0 gold dragon scales
 w - a +1 pair of gloves (worn)
 y - a +2 shield (worn)
 L - a +0 leather armour of fire resistance (worn)
Jewellery
 i - a ring of see invisible (left hand)
 A - an amulet of guardian spirit (around neck)
 K - an uncursed amulet of magic regeneration {unknown}
Wands
 c - a wand of flame (15/48)
 x - a wand of random effects (14/48)
 B - a wand of confusion (22/48)
 C - a wand of flame (30/48)
 F - a wand of paralysis (10/24)
Scrolls
 b - 2 scrolls of enchant weapon
 f - 3 scrolls of remove curse
 m - 2 scrolls of blinking
 n - 5 scrolls of teleportation
 D - a scroll of magic mapping
 G - a scroll of noise {unknown}
 M - a scroll of recharging {unknown}
Potions
 d - a potion of cancellation {unknown}
 e - 2 potions of curing
 g - 2 potions of berserk rage
 j - 2 potions of mutation
 k - 3 potions of agility {unknown}
 p - a potion of resistance
 q - a potion of degeneration {unknown}
 r - 2 potions of brilliance {unknown}
 t - 2 potions of might {unknown}
 u - 2 potions of lignification {unknown}
 z - a potion of invisibility {unknown}
 E - a potion of haste {unknown}
 H - a potion of magic {unknown}
 N - 2 potions of flight {unknown}
Comestibles
 h - 6 bread rations
 o - 5 meat rations
 I - a fruit
 J - 2 royal jellies


   Skills:
 * Level 9.3 Fighting
 + Level 6.7 Maces & Flails
 + Level 6.8 Armour
 + Level 5.9 Dodging
 + Level 6.4 Shields


You had 9 spell levels left.
You didn't know any spells.

Dungeon Overview and Level Annotations

Branches:
Dungeon (8/15)             Temple (0/1) D:4
   Lair: D:8-11

Altars:
Ashenzari
Dithmenos
Okawaru
Trog
Yredelemnul

Annotations:
D:8 VideoJames's ghost, novice HOFi


Innate Abilities, Weirdness & Mutations

You are resistant to torment.
Your stone body is resilient. (AC +7)
You are immune to poison.
You resist negative energy. (rN+)
You are resistant to electric shocks. (rElec)
You can survive without breathing.
You are immune to petrification.
You are immune to rotting.
You are partially covered in iridescent scales. (AC +2)
You are agile. (Dex +2)


Message History

VideoJames's ghost is almost destroyed.
You block VideoJames's ghost's attack. x2
You hit VideoJames's ghost.
VideoJames's ghost is almost destroyed.
You block VideoJames's ghost's attack. x2
You barely miss VideoJames's ghost.
VideoJames's ghost is almost destroyed.
VideoJames's ghost barely misses you. You block VideoJames's ghost's attack.
You hit VideoJames's ghost but do no damage.
VideoJames's ghost is almost destroyed.
VideoJames's ghost hits you!
* * * LOW HITPOINT WARNING * * *
You hit VideoJames's ghost but do no damage.
VideoJames's ghost is almost destroyed.
You block VideoJames's ghost's attack.
VideoJames's ghost hits you but does no damage.
You hit VideoJames's ghost.
VideoJames's ghost is almost destroyed.
You block VideoJames's ghost's attack. VideoJames's ghost hits you!
You die...

##.###.......#.###..####.#
#.## ##.####..>)....## #.#
##.###.## #.........###.#
##..#.## #.#.#.........#
#....## #.#.#.##..###.#
#...># #.#.#.##.......
#....# #.#.#.##.......
#.##.#######.....[........
#.##.....@W..#............
#......##............)....
####...##..#####.####.....
##.###(.# #.# ##.... #.#
#..#####.## #...# #.#
#.....)...####.>.#
#.###...####...<.....#
#.....#.......####.<##
#####...#####.####..#


You could see VideoJames's ghost.

Vanquished Creatures
  The ghost of VideoJames the Cleaver, a novice HOFi of Beogh (D:6)
  A centaur skeleton (D:8)
  Grinder (D:4)
  A hippogriff (D:8)
  A spriggan (D:7)
  Purgy (Sewer)
  2 orc warriors
  3 phantoms
  An ice beast (D:8)
  3 sky beasts
  3 ogres
  3 centaurs
  3 bullfrogs
  A scorpion (D:6)
  5 killer bees (D:7)
  5 howler monkeys
  4 crimson imps
  3 jellies
  4 orc priests
  3 hounds
  3 orc wizards
  Jessica (D:3)
  2 iguanas
  4 worker ants
  2 killer bee zombies
  Robin (D:3)
  A worker ant zombie (D:7)
  10 adders
  A shadow imp (D:7)
  3 oozes
  An adder skeleton (D:4)
  6 worms
  2 dart slugs (D:1)
  10 leopard geckos
  22 orcs
  A ball python (D:3)
  10 bats
  15 giant cockroaches
  15 goblins
  10 hobgoblins
  3 jackals
  7 frilled lizards
  11 kobolds
  A leopard gecko zombie (D:4)
  A quokka skeleton (D:8)
  A quokka zombie (D:7)
  5 rats
198 creatures vanquished.

Notes
Turn   | Place    | Note
-------+----------+-------------------------------------------
     0 | D:1      | Baldric the Gargoyle Berserker began the quest for the Orb.
     0 | D:1      | Reached XP level 1. HP: 14/14 MP: 1/1
   108 | D:1      | Reached XP level 2. HP: 12/19 MP: 2/2
   616 | D:1      | Reached XP level 3. HP: 22/24 MP: 3/3
  1021 | D:2      | Reached ** piety under Trog
  1034 | D:2      | Reached skill level 4 in Fighting
  1495 | D:2      | Reached XP level 4. HP: 16/29 MP: 4/4
  1968 | D:2      | Found a shadowy altar of Dithmenos.
  2148 | D:3      | Reached skill level 1 in Shields
  2148 | D:3      | Reached XP level 5. HP: 28/33 MP: 5/5
  2208 | D:3      | Noticed Jessica
  2236 | D:3      | Killed Jessica
  2635 | D:3      | Noticed Robin
  2648 | D:3      | Killed Robin
  2648 | D:3      | Reached *** piety under Trog
  2866 | D:3      | Reached XP level 6. HP: 26/39 MP: 6/6
  3435 | D:4      | Found a staircase to the Ecumenical Temple.
  3479 | D:4      | Noticed Grinder
  3479 | D:4      | Paralysed by Grinder for 4 turns
  3483 | D:4      | Gained mutation: You are partially covered in iridescent scales. (AC +2) [potion of mutation]
  3483 | D:4      | Gained mutation: You are agile. (Dex +2) [potion of mutation]
  3510 | D:4      | Paralysed by Grinder for 2 turns
  3513 | D:4      | Killed Grinder
  3513 | D:4      | Reached XP level 7. HP: 21/44 MP: 7/7
  3834 | D:5      | Entered Level 5 of the Dungeon
  3861 | D:5      | Reached skill level 5 in Fighting
  3938 | D:5      | Reached **** piety under Trog
  3959 | D:5      | Found a glowing drain.
  3972 | Sewer    | Entered a sewer
  4065 | Sewer    | Noticed Purgy
  4096 | Sewer    | Killed Purgy
  4234 | D:5      | Reached XP level 8. HP: 50/51 MP: 8/8
  4835 | D:5      | Reached skill level 6 in Fighting
  5431 | D:6      | Noticed VideoJames's ghost (novice HOFi)
  5470 | D:6      | Killed VideoJames's ghost
  5470 | D:6      | Reached skill level 7 in Fighting
  5470 | D:6      | Reached skill level 5 in Maces & Flails
  5470 | D:6      | Reached skill level 5 in Armour
  5470 | D:6      | Reached XP level 9. HP: 50/57 MP: 9/9
  5695 | D:6      | Reached skill level 5 in Shields
  6175 | D:7      | Reached skill level 5 in Dodging
  6785 | D:7      | Reached skill level 8 in Fighting
  7665 | D:8      | Reached ***** piety under Trog
  7768 | D:8      | HP: 3/60 [ogre/giant club (4)]
  8058 | D:8      | Reached XP level 10. HP: 65/65 MP: 10/10
  8161 | D:8      | Found a basalt altar of Yredelemnul.
  8163 | D:8      | Found a bloodstained altar of Trog.
  8164 | D:8      | Found an iron altar of Okawaru.
  8191 | D:8      | Reached skill level 9 in Fighting
  8239 | D:8      | Found a shattered altar of Ashenzari.
  8432 | D:8      | Noticed VideoJames's ghost (novice HOFi)
  8490 | D:8      | Slain by VideoJames's ghost

Vault maps used:
D:1:      minmay_arrival_nine_rooms, serial_bayou_pond_d
D:2:      nicolae_overflow_hidden_temple
D:3:      uniq_jessica, uniq_robin
D:4:      minmay_temple_entry_enclosed_plants, first_bread, uniq_grinder
D:5:      gup_sewer_entry_pipe
D:6:      minmay_cornered_nines, minmay_misc_feat_chi
D:7:      grunt_ministairs_9, the_bakery, minmay_misc_feat_more_columns
D:8:      minitemple, evilmike_ruin_ashenzari, nicolae_zen_rock_garden
Sewer:    sewer_big_baddie

Skill      XL: |  1  2  3  4  5  6  7  8  9 10 |
---------------+-------------------------------+-----
Dodging        | 2 3 4 5 |  5.9
Fighting       | 4 5 7 8 9 |  9.3
Shields        | 1 2 3 4 5 6 |  6.4
Armour         | 3 4 5 6 |  6.8
Maces & Flails | 4 5 6 |  6.7

Action                   |  1- 3 |  4- 6 |  7- 9 | 10-12 || total
-------------------------+-------+-------+-------+-------++-------
Melee: Mace              |   135 |   251 |   707 |   164 ||  1257
Invok: Berserk           |     1 |     1 |     6 |     2 ||    10
       Burn Spellbooks   |       |       |     3 |       ||     3
Evoke: Wand              |       |       |       |     3 ||     3
  Use: Scroll            |       |     6 |     6 |       ||    12
       Potion            |       |     1 |     4 |     1 ||     6
  Eat: Bread ration      |     1 |       |     4 |       ||     5
       Meat ration       |     1 |       |     1 |       ||     2
       Royal jelly       |       |     1 |     1 |       ||     2
       Fruit             |       |     1 |       |       ||     1
Armor: Animal skin       |    31 |       |       |       ||    31
       Ring mail         |    10 |   138 |   306 |       ||   454
       Leather armour    |       |       |    27 |    49 ||    76
Dodge: Dodged            |    40 |    78 |   325 |    72 ||   515
Block: Large shield      |    57 |   217 |   410 |       ||   684
       Shield            |       |       |   185 |    86 ||   271
